Canucks vs Flyers

Created - 5 novembre 2019 at 20:39

Goals
1 2 3 T
Canucks 0 1 2 3
Flyers 0 1 0 1
Shots
1 2 3 T
Canucks 10 13 13 36
Flyers 9 9 8 26

1st period

No Goal

Penalties :
Erik Cernak (VAN) for Interference (Minor) at 4:04

2nd period

1. Canucks , Mika Zibanejad 7 (Blake Wheeler 6) at 15:00
2. Flyers , Calle Jarnkrok 5 (Justin Faulk 5) at 18:22 (SH)

Penalties :
Vincent Trocheck (PHI) for Holding (Minor) at 0:27, Ryan Getzlaf (VAN) for Interference (Minor) at 4:53, Leon Draisaitl (PHI) for Holding (Minor) at 15:03, Leon Draisaitl (PHI) for Hooking (Minor) at 18:11

3rd period

3. Canucks , Darnell Nurse 1 (Blake Wheeler 7, Mika Zibanejad 6) at 0:10 (PP)
4. Canucks , Darnell Nurse 2 (Brandon Tanev 1, Mika Zibanejad 7) at 19:24 (Empty Net)

Penalties :
Brandon Montour (PHI) for Boarding (Minor) at 7:24

Goalie Stats

Ben Bishop (VAN), 25 saves from 26 shots - (0,962), W, 6-3-1, 60:00 minutes
Matt Murray (PHI), 33 saves from 35 shots - (0,943), L, 3-4-1, 59:36 minutes

Players Stats for Canucks

Player Name              G  A  P  +/- PIM S  H  SB GA TA FO     MP     PP MP  PK MP  
------------------------------------------------------------------------------------
Alex Killorn             0  0  0   2  0   1  2  1  0  0  5/7    17:05   0:09   2:26 
Alex Tuch                0  0  0   0  0   2  2  0  0  0  0/1    16:07   2:41   0:00 
Blake Wheeler            0  2  2   0  0   2  0  0  2  0  0/0    20:04   5:02   1:06 
Brandon Tanev            0  1  1   1  0   2  1  0  0  0  0/0    13:10   0:13   2:21 
Charlie McAvoy           0  0  0  -1  0   0  1  1  0  0  0/0    23:27   5:22   0:45 
Dan Hamhuis              0  0  0   1  0   0  0  2  0  1  0/0    20:09   2:34   1:21 
Darnell Nurse            2  0  2   0  0   2  1  2  0  0  0/0    22:00   5:22   0:00 
Derek Ryan               0  0  0   0  0   3  0  0  0  0  7/10   12:41   2:41   0:15 
Erik Cernak              0  0  0   1  2   1  0  1  0  0  0/0    18:10   2:34   0:36 
Erik Johnson             0  0  0   1  0   1  0  1  0  0  0/0    19:48   0:00   2:37 
Gustav Nyquist           0  0  0   0  0   6  2  0  1  0  1/2    16:10   2:44   0:00 
Jason Dickinson          0  0  0   0  0   1  3  0  0  0  2/3    10:08   0:00   0:00 
Jimmy Vesey              0  0  0   0  0   1  1  0  1  0  0/0    10:37   0:16   0:15 
Jordan Martinook         0  0  0   0  0   3  1  1  1  0  0/0    10:24   0:00   0:16 
Matt Calvert             0  0  0   0  0   0  1  1  0  0  0/0    10:24   0:00   0:16 
Mika Zibanejad           1  2  3   1  0   8  1  1  0  0  7/18   20:31   5:02   1:01 
Oscar Klefbom            0  0  0   0  0   1  0  2  1  0  0/0    16:32   0:00   2:37 
Ryan Getzlaf             0  0  0  -1  2   2  2  0  0  1  6/21   18:33   5:00   0:00 

Players Stats for Flyers

Player Name              G  A  P  +/- PIM S  H  SB GA TA FO     MP     PP MP  PK MP  
------------------------------------------------------------------------------------
Brandon Montour          0  0  0  -1  2   1  1  4  0  1  0/0    21:56   2:39   0:00 
Calle Jarnkrok           1  0  1   1  0   2  1  0  0  0  4/11   12:01   0:00   4:27 
Casey Cizikas            0  0  0   1  0   2  1  0  0  0  7/10   17:11   0:00   4:19 
Filip Forsberg           0  0  0  -2  0   0  1  2  0  1  0/1    17:03   2:27   0:00 
Jakub Vrana              0  0  0   0  0   7  0  1  0  0  1/2    14:20   1:31   0:00 
Justin Faulk             0  1  1   0  0   0  1  0  0  0  0/0    22:49   1:19   4:50 
Kevin Fiala              0  0  0   0  0   0  0  0  0  0  0/0     7:31   0:00   0:00 
Kevin Labanc             0  0  0   0  0   1  0  0  1  0  0/0    12:48   0:00   0:00 
Leon Draisaitl           0  0  0  -2  4   3  1  0  0  1  11/20  17:47   2:27   0:29 
Mike Matheson            0  0  0   1  0   0  3  0  0  0  0/0    22:19   1:19   4:50 
Nikita Zadorov           0  0  0   0  0   0  2  0  0  1  0/0    15:19   0:00   3:06 
Patrick Kane             0  0  0  -2  0   1  2  0  0  1  0/0    17:03   2:27   0:00 
Rasmus Ristolainen       0  0  0  -2  0   0  1  0  1  1  0/0    22:22   2:39   0:00 
Scott Laughton           0  0  0   0  0   1  3  0  0  0  0/1    15:46   0:00   2:52 
Sean Kuraly              0  0  0   0  0   0  2  0  0  0  1/2    10:28   0:00   2:52 
T.J. Brodie              0  0  0   0  0   0  0  1  0  0  0/0    15:19   0:00   3:06 
Travis Konecny           0  0  0   0  0   6  1  0  0  0  0/0    14:53   1:31   0:20 
Vincent Trocheck         0  0  0   0  2   2  1  0  0  0  10/15  15:05   1:31   0:33 

3 Stars

1 - Mika Zibanejad (VAN)
2 - Darnell Nurse (VAN)
3 - Ben Bishop (VAN)

Power Play

Canucks - 1 on 4 Attempt(s) - 25,00%
Flyers - 0 on 2 Attempt(s) - 0,00%

Penalty Kill

Canucks - 2 on 2 Attempt(s) - 100,00% - Score 0 goal in Penalty Kill
Flyers - 3 on 4 Attempt(s) - 75,00% - Score 1 goal in Penalty Kill

Team Stat

Canucks - Hits : 18 - Faceoff Wins : 28 - Blocked Shots : 13 - Penalty Minutes : 4
Flyers - Hits : 21 - Faceoff Wins : 34 - Blocked Shots : 8 - Penalty Minutes : 8

Official

Referees : Kyle Rehman and Mike Leggo
Linesman : Greg Devorski and Andy McElman

Game Notes

Oscar Klefbom is injured at 12:00 of 3rd period (Right Forearm)
Darnell Nurse has scored in a empty net!

Finance

Level 1 -- Attendance: 6000 (100,00%) -- Ticket Income 570 000 $
Level 2 -- Attendance: 5000 (100,00%) -- Ticket Income 270 000 $
Level 3 -- Attendance: 2000 (100,00%) -- Ticket Income 66 000 $
Level 4 -- Attendance: 3828 (95,70%) -- Ticket Income 84 216 $
Luxury Box -- Attendance: 977 (97,70%) -- Ticket Income 161 205 $
Game was played at the Spectrum.
Total Attendance: 17805 (98,92%)
Total Ticket Income: 1 151 421 $
Other Income: 564 196 $
Total Income: 1 715 617 $

Canucks

5 vs 5 Forward 
   Center                   Left Wing                Right Wing               Time % Phy DF OF 
 1 Mika Zibanejad           Blake Wheeler            Alex Killorn             33     0   0  5  
 2 Ryan Getzlaf             Gustav Nyquist           Alex Tuch                33     0   0  5  
 3 Derek Ryan               Jimmy Vesey              Brandon Tanev            17     2   2  1  
 4 Jason Dickinson          Jordan Martinook         Matt Calvert             17     1   4  0  

5 vs 5 Defense 
   Defense                  Defense                                           Time % Phy DF OF 
 1 Darnell Nurse            Erik Johnson                                      35     0   5  0  
 2 Oscar Klefbom            Charlie McAvoy                                    35     0   5  0  
 3 Erik Cernak              Dan Hamhuis                                       30     0   5  0  
 4 Erik Cernak              Dan Hamhuis                                       0      0   5  0  

PowerPlay Forward 
   Center                   Left Wing                Right Wing               Time % Phy DF OF 
 1 Ryan Getzlaf             Blake Wheeler            Mika Zibanejad           70     0   0  5  
 2 Derek Ryan               Gustav Nyquist           Alex Tuch                30     0   0  5  

PowerPlay Defense
   Defense                  Defense                                           Time % Phy DF OF 
 1 Darnell Nurse            Charlie McAvoy                                    70     0   0  5  
 2 Erik Cernak              Dan Hamhuis                                       30     0   0  5  

Penalty Kill 4 Players Forward 
   Center                   Wing                     Time % Phy DF OF 
 1 Alex Killorn             Brandon Tanev            70     1   4  0  
 2 Jordan Martinook         Matt Calvert             30     1   4  0  

Penalty Kill 4 Players Defense
   Defense                  Defense                  Time % Phy DF OF 
 1 Erik Johnson             Oscar Klefbom            70     1   4  0  
 2 Erik Cernak              Dan Hamhuis              30     1   4  0  

Penalty Kill - 3 Players Forward 
   Forward                                           Time % Phy DF OF 
 1 Jason Dickinson                                   50     1   4  0  
 2 Alex Killorn                                      50     1   4  0  

Penalty Kill - 3 Players Defense
   Defense                  Defense                  Time % Phy DF OF 
 1 Erik Johnson             Oscar Klefbom            60     1   4  0  
 2 Erik Cernak              Dan Hamhuis              40     1   4  0  

4 vs 4 Forward 
   Center                   Wing                     Time % Phy DF OF 
 1 Jason Dickinson          Jimmy Vesey              50     1   2  2  
 2 Derek Ryan               Brandon Tanev            50     1   2  2  

4 vs 4 Defense
   Defense                  Defense                  Time % Phy DF OF 
 1 Darnell Nurse            Charlie McAvoy           50     1   2  2  
 2 Erik Cernak              Dan Hamhuis              50     1   2  2  

Last Minutes Offensive
   Center                   Left Wing                Right Wing               Defense                  Defense                  
   Ryan Getzlaf             Blake Wheeler            Mika Zibanejad           Darnell Nurse            Oscar Klefbom            

Last Minutes Defensive
   Center                   Left Wing                Right Wing               Defense                  Defense                  
   Mika Zibanejad           Alex Killorn             Brandon Tanev            Darnell Nurse            Oscar Klefbom            

Goaltenders
Starting : Ben Bishop               
Backup : Jordan Binnington        

Extra Forwards
Normal : Jimmy Vesey, Jason Dickinson, Matt Calvert - PP : Jimmy Vesey, Brandon Tanev - PK : Alex Killorn
Extra Defensemen
Normal : Erik Johnson, Darnell Nurse, Oscar Klefbom - PP : Erik Cernak - PK : Charlie McAvoy, Darnell Nurse
Penalty Shots
Alex Tuch, Gustav Nyquist, Blake Wheeler, Ryan Getzlaf, Jimmy Vesey
Custom OT Lines Forwards
Ryan Getzlaf, Alex Tuch, Jimmy Vesey, Blake Wheeler, Alex Killorn, Brandon Tanev, Mika Zibanejad, Gustav Nyquist, Derek Ryan, Jordan Martinook
Custom OT Lines Defensemen
Erik Johnson, Darnell Nurse, Oscar Klefbom, Charlie McAvoy, Erik Cernak

Scratches
None

Flyers

5 vs 5 Forward 
   Center                   Left Wing                Right Wing               Time % Phy DF OF 
 1 Leon Draisaitl           Filip Forsberg           Patrick Kane             32     0   2  3  
 2 Vincent Trocheck         Kevin Labanc             Travis Konecny           29     0   2  3  
 3 Casey Cizikas            Scott Laughton           Jakub Vrana              27     1   2  2  
 4 Sean Kuraly              Calle Jarnkrok           Kevin Fiala              12     1   2  2  

5 vs 5 Defense 
   Defense                  Defense                                           Time % Phy DF OF 
 1 Brandon Montour          Rasmus Ristolainen                                40     1   3  1  
 2 Justin Faulk             Mike Matheson                                     35     1   3  1  
 3 Nikita Zadorov           T.J. Brodie                                       25     1   4  0  
 4 Justin Faulk             Brandon Montour                                   0      1   2  2  

PowerPlay Forward 
   Center                   Left Wing                Right Wing               Time % Phy DF OF 
 1 Leon Draisaitl           Filip Forsberg           Patrick Kane             55     0   0  5  
 2 Vincent Trocheck         Jakub Vrana              Travis Konecny           45     0   0  5  

PowerPlay Defense
   Defense                  Defense                                           Time % Phy DF OF 
 1 Brandon Montour          Rasmus Ristolainen                                55     0   1  4  
 2 Justin Faulk             Mike Matheson                                     45     0   1  4  

Penalty Kill 4 Players Forward 
   Center                   Wing                     Time % Phy DF OF 
 1 Calle Jarnkrok           Casey Cizikas            55     1   4  0  
 2 Scott Laughton           Sean Kuraly              45     1   4  0  

Penalty Kill 4 Players Defense
   Defense                  Defense                  Time % Phy DF OF 
 1 Mike Matheson            Justin Faulk             55     1   4  0  
 2 Nikita Zadorov           T.J. Brodie              45     1   4  0  

Penalty Kill - 3 Players Forward 
   Forward                                           Time % Phy DF OF 
 1 Casey Cizikas                                     55     0   5  0  
 2 Scott Laughton                                    45     0   5  0  

Penalty Kill - 3 Players Defense
   Defense                  Defense                  Time % Phy DF OF 
 1 Mike Matheson            Justin Faulk             55     0   5  0  
 2 Nikita Zadorov           T.J. Brodie              45     0   5  0  

4 vs 4 Forward 
   Center                   Wing                     Time % Phy DF OF 
 1 Leon Draisaitl           Patrick Kane             55     1   2  2  
 2 Vincent Trocheck         Filip Forsberg           45     1   2  2  

4 vs 4 Defense
   Defense                  Defense                  Time % Phy DF OF 
 1 Brandon Montour          Rasmus Ristolainen       55     1   2  2  
 2 Justin Faulk             Mike Matheson            45     1   2  2  

Last Minutes Offensive
   Center                   Left Wing                Right Wing               Defense                  Defense                  
   Leon Draisaitl           Filip Forsberg           Patrick Kane             Justin Faulk             Rasmus Ristolainen       

Last Minutes Defensive
   Center                   Left Wing                Right Wing               Defense                  Defense                  
   Vincent Trocheck         Casey Cizikas            Patrick Kane             Rasmus Ristolainen       Mike Matheson            

Goaltenders
Starting : Matt Murray              
Backup : Casey DeSmith            

Extra Forwards
Normal : Casey Cizikas, Kevin Fiala, Scott Laughton - PP : Kevin Labanc, Casey Cizikas - PK : Vincent Trocheck
Extra Defensemen
Normal : T.J. Brodie, Nikita Zadorov, Rasmus Ristolainen - PP : T.J. Brodie - PK : Nikita Zadorov, T.J. Brodie
Penalty Shots
Patrick Kane, Leon Draisaitl, Jakub Vrana, Vincent Trocheck, Casey Cizikas
Custom OT Lines Forwards
Patrick Kane, Leon Draisaitl, Filip Forsberg, Vincent Trocheck, Casey Cizikas, Scott Laughton, Kevin Fiala, Jakub Vrana, Calle Jarnkrok, Sean Kuraly
Custom OT Lines Defensemen
Justin Faulk, Brandon Montour, T.J. Brodie, Mike Matheson, Nikita Zadorov

Scratches
Brendan Perlini (Healthy), Michael Del Zotto (Healthy), Ryan Hitchcock (Healthy)

% Time on Ice - Canucks

Lines # - Real PCT - Wanted PCT - Time Play
Normal Forward
1 - 30% - 33% - 14:11
2 - 28% - 33% - 13:26
3 - 20% - 17% - 9:43
4 - 21% - 17% - 10:08
Normal Defense
1 - 33% - 35% - 15:44
2 - 40% - 35% - 18:50
3 - 27% - 30% - 12:54
4 - 0% - 0% - 0:00
PP Forward
1 - 66% - 70% - 5:15
2 - 34% - 30% - 2:41
PP Defense
1 - 68% - 70% - 5:22
2 - 32% - 30% - 2:34
PK Forward
1 - 93% - 70% - 3:42
2 - 7% - 30% - 0:16
PK Defense
1 - 66% - 70% - 2:37
2 - 34% - 30% - 1:21
PK3 Forward
1 - 0% - 50%
2 - 0% - 50%
PK3 Defense
1 - 0% - 60%
2 - 0% - 40%
44 Forward
1 - 0% - 50%
2 - 0% - 50%
44 Defense
1 - 0% - 50%
2 - 0% - 50%
Last Minute Offensive  - 0:00
Last Minute Defensive  - 0:38
Total
Forward - 60:00
Defense - 60:00

% Time on Ice - Flyers

Lines # - Real PCT - Wanted PCT - Time Play
Normal Forward
1 - 30% - 32% - 14:16
2 - 27% - 29% - 12:53
3 - 27% - 27% - 12:49
4 - 16% - 12% - 7:31
Normal Defense
1 - 41% - 40% - 19:25
2 - 35% - 35% - 16:34
3 - 24% - 25% - 11:30
4 - 0% - 0% - 0:00
PP Forward
1 - 62% - 55% - 2:27
2 - 38% - 45% - 1:31
PP Defense
1 - 67% - 55% - 2:39
2 - 33% - 45% - 1:19
PK Forward
1 - 64% - 55% - 5:04
2 - 36% - 45% - 2:52
PK Defense
1 - 61% - 55% - 4:50
2 - 39% - 45% - 3:06
PK3 Forward
1 - 0% - 55%
2 - 0% - 45%
PK3 Defense
1 - 0% - 55%
2 - 0% - 45%
44 Forward
1 - 0% - 55%
2 - 0% - 45%
44 Defense
1 - 0% - 55%
2 - 0% - 45%
Last Minute Offensive  - 0:37
Last Minute Defensive  - 0:00
Total
Forward - 60:00
Defense - 60:00

Play-by-Play

1st period


0:01 of 1st period - Leon Draisaitl wins face-off versus Mika Zibanejad in neutral zone.
0:26 of 1st period - Brandon Montour is hit by Ryan Getzlaf and loses puck.
1:20 of 1st period - Matt Calvert is hit by Sean Kuraly and loses puck.
1:43 of 1st period - Snap shot by Mika Zibanejad.
1:43 of 1st period - Deflect By Filip Forsberg.
1:43 of 1st period - Stopped by Matt Murray with a rebound.
1:45 of 1st period - Slapshot by Mika Zibanejad.
1:45 of 1st period - Shot Misses the Net.
2:39 of 1st period - Wrist shot by Jordan Martinook.
2:39 of 1st period - Stopped by Matt Murray with a rebound.
2:41 of 1st period - Slapshot by Erik Johnson.
2:41 of 1st period - Deflect By Jordan Martinook.
2:41 of 1st period - Stopped by Matt Murray without a rebound.
2:42 of 1st period - Leon Draisaitl wins face-off versus Jason Dickinson in Flyers zone.
2:42 of 1st period - Leon Draisaitl is hit by Jason Dickinson.
3:07 of 1st period - Snap shot by Jordan Martinook.
3:07 of 1st period - Stopped by Matt Murray with a rebound.
3:46 of 1st period - Dan Hamhuis is hit by Filip Forsberg and loses puck.
4:04 of 1st period - Minor Penalty to Erik Cernak for Interference.
4:05 of 1st period - Leon Draisaitl wins face-off versus Alex Killorn in Canucks zone.
4:10 of 1st period - Snap shot by Patrick Kane.
4:10 of 1st period - Deflect By Leon Draisaitl.
4:10 of 1st period - Deflect By Oscar Klefbom.
4:10 of 1st period - Stopped by Ben Bishop without a rebound.
4:11 of 1st period - Alex Killorn wins face-off versus Leon Draisaitl in Canucks zone.
5:02 of 1st period - Snap shot by Patrick Kane.
5:02 of 1st period - Deflect By Leon Draisaitl.
5:02 of 1st period - Shot Misses the Net.
5:02 of 1st period - Puck is out of play.
5:03 of 1st period - Vincent Trocheck wins face-off versus Mika Zibanejad in Canucks zone.
5:04 of 1st period - Snap shot by Travis Konecny.
5:04 of 1st period - Stopped by Ben Bishop without a rebound.
5:05 of 1st period - Alex Killorn wins face-off versus Vincent Trocheck in Canucks zone.
5:18 of 1st period - Snap shot by Vincent Trocheck.
5:18 of 1st period - Shot Blocked by Oscar Klefbom.
6:04 of 1st period - Penalty to Erik Cernak is over, Erik Cernak is back on ice.
6:22 of 1st period - Wrist shot by Gustav Nyquist.
6:22 of 1st period - Shot Misses the Net.
6:40 of 1st period - Slapshot by Jason Dickinson.
6:40 of 1st period - Stopped by Matt Murray without a rebound.
6:41 of 1st period - Jason Dickinson wins face-off versus Jakub Vrana in Flyers zone.
7:29 of 1st period - Snap shot by Travis Konecny.
7:29 of 1st period - Stopped by Ben Bishop with a rebound.
7:37 of 1st period - Snap shot by Kevin Labanc.
7:37 of 1st period - Shot Misses the Net.
7:55 of 1st period - Wrist shot by Alex Tuch.
7:55 of 1st period - Shot Misses the Net.
7:57 of 1st period - Slapshot by Darnell Nurse.
7:57 of 1st period - Shot Misses the Net.
7:59 of 1st period - Slapshot by Erik Johnson.
7:59 of 1st period - Shot Misses the Net.
9:24 of 1st period - Snap shot by Derek Ryan.
9:24 of 1st period - Shot Blocked by Brandon Montour.
9:26 of 1st period - Wrist shot by Derek Ryan.
9:26 of 1st period - Stopped by Matt Murray with a rebound.
9:28 of 1st period - Snap shot by Derek Ryan.
9:28 of 1st period - Shot Misses the Net.
9:30 of 1st period - Slapshot by Erik Cernak.
9:30 of 1st period - Shot Blocked by Brandon Montour.
9:32 of 1st period - Slapshot by Dan Hamhuis.
9:32 of 1st period - Deflect By Brandon Tanev.
9:32 of 1st period - Shot Misses the Net.
9:32 of 1st period - Puck is out of play.
9:33 of 1st period - Mika Zibanejad wins face-off versus Vincent Trocheck in Flyers zone.
9:44 of 1st period - Snap shot by Travis Konecny.
9:44 of 1st period - Stopped by Ben Bishop without a rebound.
9:45 of 1st period - Mika Zibanejad wins face-off versus Vincent Trocheck in Canucks zone.
9:50 of 1st period - Snap shot by Blake Wheeler.
9:50 of 1st period - Deflect By Justin Faulk.
9:50 of 1st period - Shot Misses the Net.
9:50 of 1st period - Puck is out of play.
9:51 of 1st period - Alex Killorn wins face-off versus Vincent Trocheck in Flyers zone.
9:54 of 1st period - Wrist shot by Blake Wheeler.
9:54 of 1st period - Shot Misses the Net.
10:26 of 1st period - Oscar Klefbom is hit by Scott Laughton and loses puck.
10:53 of 1st period - Slapshot by Gustav Nyquist.
10:53 of 1st period - Stopped by Matt Murray with a rebound.
11:25 of 1st period - Snap shot by Travis Konecny.
11:25 of 1st period - Stopped by Ben Bishop without a rebound.
11:26 of 1st period - Jason Dickinson wins face-off versus Sean Kuraly in Canucks zone.
11:26 of 1st period - Jason Dickinson is hit by Calle Jarnkrok.
11:34 of 1st period - Calle Jarnkrok is hit by Matt Calvert and loses puck.
12:00 of 1st period - Slapshot by Patrick Kane.
12:00 of 1st period - Stopped by Ben Bishop without a rebound.
12:01 of 1st period - Casey Cizikas wins face-off versus Mika Zibanejad in Canucks zone.
12:09 of 1st period - Off-side.
12:10 of 1st period - Casey Cizikas wins face-off versus Mika Zibanejad in neutral zone.
12:41 of 1st period - Wrist shot by Mika Zibanejad.
12:41 of 1st period - Stopped by Matt Murray without a rebound.
12:42 of 1st period - Leon Draisaitl wins face-off versus Ryan Getzlaf in Flyers zone.
12:47 of 1st period - Slapshot by Gustav Nyquist.
12:47 of 1st period - Stopped by Matt Murray without a rebound.
12:48 of 1st period - Leon Draisaitl wins face-off versus Ryan Getzlaf in Flyers zone.
12:53 of 1st period - Darnell Nurse is hit by Patrick Kane and loses puck.
13:04 of 1st period - Gustav Nyquist is hit by Justin Faulk and loses puck.
13:37 of 1st period - Wrist shot by Leon Draisaitl.
13:37 of 1st period - Shot Blocked by Erik Johnson.
13:43 of 1st period - Patrick Kane is hit by Alex Tuch and loses puck.
14:21 of 1st period - Gustav Nyquist is hit by Mike Matheson and loses puck.
14:53 of 1st period - Snap shot by Alex Tuch.
14:53 of 1st period - Shot Blocked by Filip Forsberg.
14:55 of 1st period - Wrist shot by Ryan Getzlaf.
14:55 of 1st period - Stopped by Matt Murray without a rebound.
14:56 of 1st period - Vincent Trocheck wins face-off versus Mika Zibanejad in Flyers zone.
15:13 of 1st period - Snap shot by Mika Zibanejad.
15:13 of 1st period - Shot Hit the Post.
15:23 of 1st period - Charlie McAvoy is hit by Casey Cizikas and loses puck.
16:04 of 1st period - Travis Konecny is hit by Alex Killorn and loses puck.
16:41 of 1st period - Jordan Martinook is hit by Nikita Zadorov and loses puck.
17:18 of 1st period - Icing by Sean Kuraly.
17:19 of 1st period - Sean Kuraly wins face-off versus Alex Killorn in Flyers zone.
18:31 of 1st period - Mike Matheson is hit by Brandon Tanev and loses puck.
18:56 of 1st period - Slapshot by Jordan Martinook.
18:56 of 1st period - Shot Misses the Net.
19:24 of 1st period - Snap shot by Jakub Vrana.
19:24 of 1st period - Deflect By Casey Cizikas.
19:24 of 1st period - Stopped by Ben Bishop with a rebound.
19:26 of 1st period - Snap shot by Casey Cizikas.
19:26 of 1st period - Stopped by Ben Bishop without a rebound.
19:27 of 1st period - Vincent Trocheck wins face-off versus Ryan Getzlaf in Canucks zone.
19:30 of 1st period - Slapshot by Travis Konecny.
19:30 of 1st period - Stopped by Ben Bishop with a rebound.
Goals for this period are 0 for Canucks vs 0 for Flyers.
Shots for this period are 10 for Canucks vs 9 for Flyers.

2nd period


0:01 of 2nd period - Vincent Trocheck wins face-off versus Mika Zibanejad in neutral zone.
0:04 of 2nd period - Wrist shot by Travis Konecny.
0:04 of 2nd period - Stopped by Ben Bishop with a rebound.
0:27 of 2nd period - Minor Penalty to Vincent Trocheck for Holding.
0:28 of 2nd period - Ryan Getzlaf wins face-off versus Calle Jarnkrok in Flyers zone.
0:53 of 2nd period - Scott Laughton is hit by Gustav Nyquist.
2:27 of 2nd period - Penalty to Vincent Trocheck is over, Vincent Trocheck is back on ice.
2:32 of 2nd period - Snap shot by Vincent Trocheck.
2:32 of 2nd period - Shot Blocked by Darnell Nurse.
2:53 of 2nd period - Patrick Kane is hit by Jason Dickinson and loses puck.
3:09 of 2nd period - Icing by Charlie McAvoy.
3:10 of 2nd period - Vincent Trocheck wins face-off versus Ryan Getzlaf in Canucks zone.
3:11 of 2nd period - Snap shot by Kevin Labanc.
3:11 of 2nd period - Stopped by Ben Bishop without a rebound.
3:12 of 2nd period - Jakub Vrana wins face-off versus Ryan Getzlaf in Canucks zone.
3:20 of 2nd period - Wrist shot by Scott Laughton.
3:20 of 2nd period - Stopped by Ben Bishop without a rebound.
3:21 of 2nd period - Alex Killorn wins face-off versus Casey Cizikas in Canucks zone.
3:30 of 2nd period - Snap shot by Alex Killorn.
3:30 of 2nd period - Shot Blocked by Brandon Montour.
4:28 of 2nd period - Snap shot by Scott Laughton.
4:28 of 2nd period - Deflect By Jakub Vrana.
4:28 of 2nd period - Stopped by Ben Bishop without a rebound.
4:29 of 2nd period - Vincent Trocheck wins face-off versus Ryan Getzlaf in Canucks zone.
4:42 of 2nd period - Snap shot by Vincent Trocheck.
4:42 of 2nd period - Stopped by Ben Bishop without a rebound.
4:43 of 2nd period - Leon Draisaitl wins face-off versus Alex Tuch in Canucks zone.
4:48 of 2nd period - Backhand shot by Filip Forsberg.
4:48 of 2nd period - Shot Misses the Net.
4:50 of 2nd period - Wrist shot by Leon Draisaitl.
4:50 of 2nd period - Stopped by Ben Bishop without a rebound.
4:51 of 2nd period - Gustav Nyquist wins face-off versus Leon Draisaitl in Canucks zone.
4:53 of 2nd period - Minor Penalty to Ryan Getzlaf for Interference.
4:54 of 2nd period - Alex Killorn wins face-off versus Leon Draisaitl in Canucks zone.
5:11 of 2nd period - Alex Killorn is hit by Leon Draisaitl and loses puck.
6:53 of 2nd period - Penalty to Ryan Getzlaf is over, Ryan Getzlaf is back on ice.
7:18 of 2nd period - Matt Calvert is hit by Mike Matheson and loses puck.
7:45 of 2nd period - T.J. Brodie is hit by Ryan Getzlaf and loses puck.
8:35 of 2nd period - Wrist shot by Brandon Tanev.
8:35 of 2nd period - Stopped by Matt Murray with a rebound.
8:39 of 2nd period - Wrist shot by Ryan Getzlaf.
8:39 of 2nd period - Shot Blocked by Brandon Montour.
10:33 of 2nd period - Snap shot by Derek Ryan.
10:33 of 2nd period - Stopped by Matt Murray with a rebound.
11:34 of 2nd period - Wrist shot by Gustav Nyquist.
11:34 of 2nd period - Shot Misses the Net.
11:36 of 2nd period - Backhand shot by Darnell Nurse.
11:36 of 2nd period - Shot Blocked by Jakub Vrana.
11:53 of 2nd period - Icing by Darnell Nurse.
11:54 of 2nd period - Derek Ryan wins face-off versus Leon Draisaitl in Canucks zone.
12:23 of 2nd period - Off-side.
12:24 of 2nd period - Vincent Trocheck wins face-off versus Mika Zibanejad in neutral zone.
13:00 of 2nd period - Snap shot by Jakub Vrana.
13:00 of 2nd period - Stopped by Ben Bishop without a rebound.
13:01 of 2nd period - Leon Draisaitl wins face-off versus Mika Zibanejad in Canucks zone.
13:04 of 2nd period - Wrist shot by Patrick Kane.
13:04 of 2nd period - Shot Misses the Net.
13:10 of 2nd period - Snap shot by Blake Wheeler.
13:10 of 2nd period - Shot Misses the Net.
13:12 of 2nd period - Snap shot by Mika Zibanejad.
13:12 of 2nd period - Stopped by Matt Murray with a rebound.
13:14 of 2nd period - Slapshot by Blake Wheeler.
13:14 of 2nd period - Shot Blocked by Filip Forsberg.
13:16 of 2nd period - Snap shot by Mika Zibanejad.
13:16 of 2nd period - Shot Hit the Post.
13:18 of 2nd period - Snap shot by Oscar Klefbom.
13:18 of 2nd period - Stopped by Matt Murray with a rebound.
13:28 of 2nd period - Charlie McAvoy is hit by Travis Konecny and loses puck.
14:05 of 2nd period - Brandon Tanev is hit by Scott Laughton and loses puck.
14:25 of 2nd period - Off-side.
14:26 of 2nd period - Ryan Getzlaf wins face-off versus Vincent Trocheck in neutral zone.
14:31 of 2nd period - Kevin Labanc is hit by Alex Tuch.
14:37 of 2nd period - Wrist shot by Alex Tuch.
14:37 of 2nd period - Stopped by Matt Murray with a rebound.
14:51 of 2nd period - Filip Forsberg is hit by Alex Killorn and loses puck.
15:00 of 2nd period - Slapshot by Mika Zibanejad.
15:00 of 2nd period - Goal by Mika Zibanejad - Canucks : 1 - Flyers : 0.
15:01 of 2nd period - Leon Draisaitl wins face-off versus Mika Zibanejad in neutral zone.
15:03 of 2nd period - Minor Penalty to Leon Draisaitl for Holding.
15:04 of 2nd period - Ryan Getzlaf wins face-off versus Calle Jarnkrok in Flyers zone.
15:35 of 2nd period - Snap shot by Scott Laughton.
15:35 of 2nd period - Shot Misses the Net.
15:37 of 2nd period - Slapshot by Mike Matheson.
15:37 of 2nd period - Shot Misses the Net.
15:51 of 2nd period - Nikita Zadorov is hit by Darnell Nurse and loses puck.
16:41 of 2nd period - Wrist shot by Alex Tuch.
16:41 of 2nd period - Deflect By Gustav Nyquist.
16:41 of 2nd period - Stopped by Matt Murray without a rebound.
16:42 of 2nd period - Derek Ryan wins face-off versus Scott Laughton in Flyers zone.
16:45 of 2nd period - Snap shot by Alex Tuch.
16:45 of 2nd period - Shot Misses the Net.
16:47 of 2nd period - Slapshot by Dan Hamhuis.
16:47 of 2nd period - Shot Hit the Post.
16:49 of 2nd period - Slapshot by Erik Cernak.
16:49 of 2nd period - Stopped by Matt Murray with a rebound.
16:51 of 2nd period - Slapshot by Dan Hamhuis.
16:51 of 2nd period - Shot Blocked by T.J. Brodie.
17:03 of 2nd period - Penalty to Leon Draisaitl is over, Leon Draisaitl is back on ice.
17:17 of 2nd period - Wrist shot by Kevin Labanc.
17:17 of 2nd period - Shot Misses the Net.
17:31 of 2nd period - Dan Hamhuis is hit by Patrick Kane and loses puck.
17:36 of 2nd period - Snap shot by Patrick Kane.
17:36 of 2nd period - Shot Blocked by Jordan Martinook.
17:38 of 2nd period - Slapshot by Leon Draisaitl.
17:38 of 2nd period - Shot Blocked by Erik Cernak.
17:54 of 2nd period - Snap shot by Derek Ryan.
17:54 of 2nd period - Stopped by Matt Murray without a rebound.
17:55 of 2nd period - Derek Ryan wins face-off versus Casey Cizikas in Flyers zone.
17:58 of 2nd period - Wrist shot by Jimmy Vesey.
17:58 of 2nd period - Stopped by Matt Murray without a rebound.
17:59 of 2nd period - Derek Ryan wins face-off versus Leon Draisaitl in Flyers zone.
18:11 of 2nd period - Minor Penalty to Leon Draisaitl for Hooking.
18:12 of 2nd period - Calle Jarnkrok wins face-off versus Ryan Getzlaf in Flyers zone.
18:20 of 2nd period - Snap shot by Calle Jarnkrok.
18:20 of 2nd period - Shot Blocked by Charlie McAvoy.
18:22 of 2nd period - Slapshot by Calle Jarnkrok.
18:22 of 2nd period - Goal by Calle Jarnkrok - Canucks : 1 - Flyers : 1.
18:23 of 2nd period - Calle Jarnkrok wins face-off versus Ryan Getzlaf in neutral zone.
18:30 of 2nd period - Slapshot by Calle Jarnkrok.
18:30 of 2nd period - Stopped by Ben Bishop without a rebound.
18:31 of 2nd period - Ryan Getzlaf wins face-off versus Calle Jarnkrok in Canucks zone.
18:36 of 2nd period - Mike Matheson is hit by Mika Zibanejad and loses puck.
19:23 of 2nd period - Icing by Mika Zibanejad.
19:24 of 2nd period - Ryan Getzlaf wins face-off versus Calle Jarnkrok in Canucks zone.
19:37 of 2nd period - Snap shot by Mika Zibanejad.
19:37 of 2nd period - Stopped by Matt Murray without a rebound.
19:38 of 2nd period - Derek Ryan wins face-off versus Calle Jarnkrok in Flyers zone.
19:39 of 2nd period - Snap shot by Gustav Nyquist.
19:39 of 2nd period - Stopped by Matt Murray without a rebound.
19:40 of 2nd period - Derek Ryan wins face-off versus Calle Jarnkrok in Flyers zone.
19:47 of 2nd period - Snap shot by Alex Tuch.
19:47 of 2nd period - Stopped by Matt Murray without a rebound.
19:48 of 2nd period - Calle Jarnkrok wins face-off versus Derek Ryan in Flyers zone.
19:53 of 2nd period - Slapshot by Justin Faulk.
19:53 of 2nd period - Shot Blocked by Dan Hamhuis.
Goals for this period are 1 for Canucks vs 1 for Flyers.
Shots for this period are 13 for Canucks vs 9 for Flyers.

3rd period


0:01 of 3rd period - Mika Zibanejad wins face-off versus Calle Jarnkrok in neutral zone.
0:08 of 3rd period - Slapshot by Blake Wheeler.
0:08 of 3rd period - Stopped by Matt Murray with a rebound.
0:10 of 3rd period - Wrist shot by Darnell Nurse.
0:10 of 3rd period - Goal by Darnell Nurse - Canucks : 2 - Flyers : 1.
0:11 of 3rd period - Vincent Trocheck wins face-off versus Mika Zibanejad in neutral zone.
0:14 of 3rd period - Erik Cernak is hit by Vincent Trocheck and loses puck.
0:25 of 3rd period - Wrist shot by Blake Wheeler.
0:25 of 3rd period - Shot Misses the Net.
0:27 of 3rd period - Slapshot by Blake Wheeler.
0:27 of 3rd period - Shot Misses the Net.
1:06 of 3rd period - Wrist shot by Kevin Labanc.
1:06 of 3rd period - Shot Misses the Net.
1:42 of 3rd period - Snap shot by Casey Cizikas.
1:42 of 3rd period - Shot Blocked by Alex Killorn.
1:44 of 3rd period - Snap shot by Casey Cizikas.
1:44 of 3rd period - Deflect By Jakub Vrana.
1:44 of 3rd period - Stopped by Ben Bishop without a rebound.
1:45 of 3rd period - Mika Zibanejad wins face-off versus Casey Cizikas in Canucks zone.
1:56 of 3rd period - Wrist shot by Mika Zibanejad.
1:56 of 3rd period - Stopped by Matt Murray without a rebound.
1:57 of 3rd period - Ryan Getzlaf wins face-off versus Leon Draisaitl in Flyers zone.
2:24 of 3rd period - Blake Wheeler is hit by Brandon Montour and loses puck.
3:28 of 3rd period - Icing by Jordan Martinook.
3:29 of 3rd period - Leon Draisaitl wins face-off versus Ryan Getzlaf in Canucks zone.
3:32 of 3rd period - Snap shot by Leon Draisaitl.
3:32 of 3rd period - Shot Misses the Net.
3:34 of 3rd period - Slapshot by Brandon Montour.
3:34 of 3rd period - Stopped by Ben Bishop without a rebound.
3:35 of 3rd period - Leon Draisaitl wins face-off versus Ryan Getzlaf in Canucks zone.
3:40 of 3rd period - Snap shot by Patrick Kane.
3:40 of 3rd period - Shot Misses the Net.
3:42 of 3rd period - Wrist shot by Patrick Kane.
3:42 of 3rd period - Shot Misses the Net.
3:46 of 3rd period - Snap shot by Patrick Kane.
3:46 of 3rd period - Deflect By Leon Draisaitl.
3:46 of 3rd period - Stopped by Ben Bishop without a rebound.
3:47 of 3rd period - Mika Zibanejad wins face-off versus Filip Forsberg in Canucks zone.
3:56 of 3rd period - Snap shot by Mika Zibanejad.
3:56 of 3rd period - Stopped by Matt Murray without a rebound.
3:57 of 3rd period - Mika Zibanejad wins face-off versus Leon Draisaitl in Flyers zone.
4:20 of 3rd period - Snap shot by Mika Zibanejad.
4:20 of 3rd period - Stopped by Matt Murray without a rebound.
4:21 of 3rd period - Casey Cizikas wins face-off versus Ryan Getzlaf in Flyers zone.
4:26 of 3rd period - Slapshot by Gustav Nyquist.
4:26 of 3rd period - Stopped by Matt Murray without a rebound.
4:27 of 3rd period - Casey Cizikas wins face-off versus Ryan Getzlaf in Flyers zone.
4:41 of 3rd period - Snap shot by Scott Laughton.
4:41 of 3rd period - Shot Misses the Net.
4:43 of 3rd period - Wrist shot by Jakub Vrana.
4:43 of 3rd period - Stopped by Ben Bishop with a rebound.
4:55 of 3rd period - Snap shot by Blake Wheeler.
4:55 of 3rd period - Stopped by Matt Murray with a rebound.
4:57 of 3rd period - Slapshot by Erik Johnson.
4:57 of 3rd period - Stopped by Matt Murray with a rebound.
4:59 of 3rd period - Slapshot by Alex Killorn.
4:59 of 3rd period - Stopped by Matt Murray with a rebound.
5:01 of 3rd period - Snap shot by Alex Killorn.
5:01 of 3rd period - Shot Misses the Net.
5:43 of 3rd period - Wrist shot by Calle Jarnkrok.
5:43 of 3rd period - Shot Blocked by Matt Calvert.
5:45 of 3rd period - Slapshot by Mike Matheson.
5:45 of 3rd period - Shot Blocked by Dan Hamhuis.
5:59 of 3rd period - Snap shot by Alex Tuch.
5:59 of 3rd period - Deflect By Gustav Nyquist.
5:59 of 3rd period - Stopped by Matt Murray without a rebound.
6:00 of 3rd period - Vincent Trocheck wins face-off versus Gustav Nyquist in Flyers zone.
6:30 of 3rd period - Mika Zibanejad is hit by Nikita Zadorov and loses puck.
6:45 of 3rd period - Snap shot by Scott Laughton.
6:45 of 3rd period - Deflect By Jakub Vrana.
6:45 of 3rd period - Shot Blocked by Darnell Nurse.
6:45 of 3rd period - Puck is out of play.
6:46 of 3rd period - Casey Cizikas wins face-off versus Derek Ryan in Canucks zone.
6:47 of 3rd period - Wrist shot by Jakub Vrana.
6:47 of 3rd period - Stopped by Ben Bishop without a rebound.
6:48 of 3rd period - Casey Cizikas wins face-off versus Derek Ryan in Canucks zone.
6:49 of 3rd period - Wrist shot by Jakub Vrana.
6:49 of 3rd period - Stopped by Ben Bishop with a rebound.
7:24 of 3rd period - Minor Penalty to Brandon Montour for Boarding.
7:25 of 3rd period - Calle Jarnkrok wins face-off versus Ryan Getzlaf in Flyers zone.
8:35 of 3rd period - Sean Kuraly is hit by Gustav Nyquist and loses puck.
9:24 of 3rd period - Penalty to Brandon Montour is over, Brandon Montour is back on ice.
9:34 of 3rd period - Mike Matheson is hit by Jason Dickinson and loses puck.
10:07 of 3rd period - Oscar Klefbom is hit by Rasmus Ristolainen and loses puck.
10:33 of 3rd period - Jakub Vrana is hit by Jimmy Vesey and loses puck.
11:20 of 3rd period - Matt Calvert is hit by Sean Kuraly and loses puck.
12:00 of 3rd period - Wrist shot by Vincent Trocheck.
12:00 of 3rd period - Shot Blocked by Oscar Klefbom.
12:00 of 3rd period - Oscar Klefbom from Canucks is injured at 12:00 of 3rd period (Right Forearm).
12:01 of 3rd period - Leon Draisaitl wins face-off versus Ryan Getzlaf in Canucks zone.
13:18 of 3rd period - Snap shot by Kevin Fiala.
13:18 of 3rd period - Shot Misses the Net.
13:56 of 3rd period - Wrist shot by Jakub Vrana.
13:56 of 3rd period - Shot Blocked by Mika Zibanejad.
15:03 of 3rd period - Snap shot by Gustav Nyquist.
15:03 of 3rd period - Shot Misses the Net.
15:13 of 3rd period - Alex Killorn is hit by Scott Laughton and loses puck.
15:18 of 3rd period - Wrist shot by Scott Laughton.
15:18 of 3rd period - Shot Misses the Net.
15:24 of 3rd period - Snap shot by Jakub Vrana.
15:24 of 3rd period - Shot Misses the Net.
15:50 of 3rd period - Justin Faulk is hit by Charlie McAvoy and loses puck.
15:57 of 3rd period - Snap shot by Brandon Tanev.
15:57 of 3rd period - Stopped by Matt Murray without a rebound.
15:58 of 3rd period - Mika Zibanejad wins face-off versus Leon Draisaitl in Flyers zone.
16:49 of 3rd period - Wrist shot by Vincent Trocheck.
16:49 of 3rd period - Stopped by Ben Bishop with a rebound.
16:55 of 3rd period - Vincent Trocheck is hit by Jordan Martinook and loses puck.
17:03 of 3rd period - Icing by Brandon Montour.
17:04 of 3rd period - Vincent Trocheck wins face-off versus Ryan Getzlaf in Flyers zone.
17:19 of 3rd period - Snap shot by Ryan Getzlaf.
17:19 of 3rd period - Stopped by Matt Murray without a rebound.
17:20 of 3rd period - Derek Ryan wins face-off versus Leon Draisaitl in Flyers zone.
17:21 of 3rd period - Wrist shot by Brandon Tanev.
17:21 of 3rd period - Shot Misses the Net.
18:41 of 3rd period - Wrist shot by Matt Calvert.
18:41 of 3rd period - Shot Misses the Net.
18:43 of 3rd period - Snap shot by Erik Cernak.
18:43 of 3rd period - Shot Misses the Net.
18:53 of 3rd period - Erik Johnson is hit by Mike Matheson and loses puck.
19:00 of 3rd period - Flyers, Matt Murray is pulled from the net.
19:04 of 3rd period - Slapshot by Leon Draisaitl.
19:04 of 3rd period - Shot Misses the Net.
19:20 of 3rd period - Snap shot by Mika Zibanejad.
19:20 of 3rd period - Shot Misses the Net.
19:22 of 3rd period - Snap shot by Brandon Tanev.
19:22 of 3rd period - Shot Misses the Net.
19:24 of 3rd period - Slapshot by Darnell Nurse.
19:24 of 3rd period - Goal by Darnell Nurse - Canucks : 3 - Flyers : 1.
19:24 of 3rd period - Matt Murray from Flyers was sent back in the game.
19:25 of 3rd period - Casey Cizikas wins face-off versus Mika Zibanejad in neutral zone.
19:30 of 3rd period - Snap shot by Jakub Vrana.
19:30 of 3rd period - Stopped by Ben Bishop with a rebound.
Goals for this period are 2 for Canucks vs 0 for Flyers.
Shots for this period are 13 for Canucks vs 8 for Flyers. Output by the SimonT Hockey Simulator (STHS) for Eric Tremblay - Original Page W3C HTML5 Valid
Hockey Simulator - Hockey Simulation - Hockey Manager